 Dungeon Crawl Stone Soup version 0.19.1 (webtiles) character file.

328 HessuHobo the Slasher (level 6, -9/36 HPs)
             Began as a High Elf Skald on Dec 27, 2016.
             Mangled by a gnoll sergeant
             ... wielding a +0 spear
              (11 damage)
             ... on level 2 of the Dungeon.
             The game lasted 00:08:42 (2822 turns).

HessuHobo the Slasher (High Elf Skald)              Turns: 2822, Time: 00:08:43

Health: -9/36      AC:  9    Str: 11    XL:     6   Next: 25%
Magic:  10/10      EV: 10    Int: 16    God:
Gold:   143        SH:  0    Dex: 17    Spells: 1 memorised, 9 levels left

rFire  . . .     SeeInvis .     u - +4 falchion
rCold  . . .     Gourm    .     t - +0 scale mail
rNeg   . . .     Faith    .     (no shield)
rPois  .         Spirit   .     (no helmet)
rElec  .         Reflect  .     e - +2 cloak
rCorr  .         Harm     .     (no gloves)
MR     .....     Rnd*Tele +     (no boots)
Stlth  ..........               (no amulet)
                                (no ring)
                                (no ring)

@: no status effects
A: frail 1, teleportitis 1, no device heal 1
a: no special abilities


You were on level 2 of the Dungeon.
You were not hungry.

You visited 1 branch of the dungeon, and saw 3 of its levels.

You collected 143 gold pieces.

Inventory:

Hand Weapons
 a - a +1 falchion
 r - a +0 scythe
 u - a +4 falchion (weapon)
Armour
 b - a +0 leather armour
 e - a +2 cloak (worn)
 t - a +0 scale mail (worn)
Wands
 f - a wand of hasting (3/9)
Scrolls
 h - a scroll of identify
 j - 2 scrolls of recharging
 k - 2 scrolls of remove curse
 m - a scroll of enchant weapon
 o - a scroll of immolation {unknown}
 p - a scroll of fog {unknown}
Potions
 g - a potion of curing
 i - a potion of mutation
 n - 3 potions of berserk rage {unknown}
 q - a potion of haste {unknown}
 s - a potion of brilliance {unknown}
Books
 c - a book of Battle

   Spells                             Type                      Level
   a - Infusion                       Charms                       1
   b - Shroud of Golubria             Charms/Translocation         2
   c - Song of Slaying                Charms                       2
   d - Spectral Weapon                Hexes/Charms                 3
   e - Regeneration                   Charms/Necromancy            3
Comestibles
 l - a bread ration


   Skills:
 + Level 2.9 Fighting
 * Level 6.0 Long Blades
 - Level 0.8 Armour
 * Level 3.4 Dodging
 + Level 0.2 Stealth
 + Level 2.6 Spellcasting
 + Level 4.2 Charms


You had 9 spell levels left.
You knew the following spells:

 Your Spells              Type           Power        Failure   Level  Hunger
a - Infusion              Chrm           ###.         24%         1    #......


Dungeon Overview and Level Annotations

Branches:
Dungeon (3/15)

Altars:


Innate Abilities, Weirdness & Mutations

You are frail. (-10% HP)
You are occasionally teleported next to monsters.
Potions and wands are less effective at restoring your health.


Message History

* * * LOW HITPOINT WARNING * * *
The gnoll sergeant closely misses you.
You hit the gnoll.
The gnoll is severely wounded.
The gnoll misses you.
The gnoll sergeant hits you but does no damage.
The gnoll closely misses you.
You riposte.
You closely miss the gnoll.
The gnoll is moderately wounded.
You hit the gnoll.
The gnoll is almost dead.
The gnoll sergeant hits you from afar with a spear.
* * * LOW HITPOINT WARNING * * *
The gnoll hits you with a flail.
* * * LOW HITPOINT WARNING * * *
The gnoll hits you but does no damage.
You slash the gnoll!
You kill the gnoll!
Your Long Blades skill increases to level 6!
The gnoll sergeant hits you from afar with a spear!
You die...

............#####...###...8.#
..........)...(.........##.##
.####.......####....######.#
.# #.......# #.#.........#
.## #.....### #.#####...####
..###.###.# #.# #.#....#
..........# #g# #...##.#
..#######.# #g# ##.###.# .##
#.# #@# #.# #.# .########.#
#)# #.# #.# ..........# #.#
#.# #.# ########### #.# #.#
#.# #.######.# #.#####
#........# #...... ##########
####... #... ##..


You could see a gnoll sergeant and a gnoll.

Vanquished Creatures
  Sigmund (D:2)
  Jessica (D:2)
  A worker ant zombie (D:2)
  2 gnolls (D:2)
  2 adders
  4 oozes (D:1)
  An adder skeleton (D:2)
  4 dart slugs (D:2)
  A leopard gecko (D:1)
  3 bats
  A bat skeleton (D:2)
  A bat zombie (D:2)
  4 giant cockroaches
  7 goblins
  5 hobgoblins
  2 jackals (D:2)
  A quokka (D:3)
  4 frilled lizards
  A giant cockroach zombie (D:2)
  10 kobolds
  A leopard gecko zombie (D:2)
  A quokka skeleton (D:2)
  5 rats
63 creatures vanquished.

Notes
Turn   | Place    | Note
-------+----------+-------------------------------------------
     0 | D:1      | HessuHobo the High Elf Skald began the quest for the Orb.
     0 | D:1      | Reached XP level 1. HP: 14/14 MP: 4/4
   327 | D:1      | Reached XP level 2. HP: 17/19 MP: 6/6
   789 | D:1      | Reached XP level 3. HP: 17/24 MP: 7/7
  1038 | D:1      | Reached skill level 3 in Long Blades
  1602 | D:2      | Reached XP level 4. HP: 27/30 MP: 8/8
  1603 | D:2      | Noticed Sigmund
  1621 | D:2      | Killed Sigmund
  1621 | D:2      | Reached skill level 5 in Long Blades
  1621 | D:2      | Reached XP level 5. HP: 25/36 MP: 0/9
  2025 | D:2      | Gained mutation: Potions and wands are less effective at restoring your health. [potion of mutation]
  2025 | D:2      | Gained mutation: You are frail. (-10% HP) [potion of mutation]
  2025 | D:2      | Gained mutation: You are occasionally teleported next to monsters. [potion of mutation]
  2161 | D:2      | Noticed Jessica
  2196 | D:2      | Killed Jessica
  2196 | D:2      | Reached XP level 6. HP: 29/36 MP: 10/10
  2822 | D:2      | Reached skill level 6 in Long Blades
  2822 | D:2      | Mangled by a gnoll sergeant

Skill      XL: |  1  2  3  4  5  6 |
---------------+-------------------+-----
Charms         | 4 |  4.2
Long Blades    | 3 5 6 |  6.0
Dodging        | 2 3 |  3.4
Fighting       | |  2.9
Armour         | |  0.8
Stealth        | |  0.2
Spellcasting   | |  2.6

Action                   |  1- 3 |  4- 6 || total
-------------------------+-------+-------++-------
Melee: Falchion          |   136 |   112 ||   248
 Cast: Infusion          |       |     1 ||     1
  Use: Scroll            |       |     6 ||     6
       Potion            |       |     6 ||     6
 Stab: Sleeping          |     1 |       ||     1
  Eat: Chunk             |     1 |     1 ||     2
       Bread ration      |     1 |       ||     1
Armor: Leather armour    |    47 |    27 ||    74
       Scale mail        |       |    11 ||    11
Dodge: Dodged            |    87 |    70 ||   157
       Rpst.: Falchion   |    29 |    19 ||    48
